 Dungeon Crawl Stone Soup version 0.29.1-15-g9cfb28693d (webtiles) character file.

Game seed: 8849102868863254370

80 101zpm the Magician (level 4, 0/31 HPs)
             Began as a Djinni Fire Elementalist on Mar 7, 2023.
             Slain by a giant cockroach (2 damage)
             ... on level 2 of the Dungeon.
             The game lasted 00:04:01 (2593 turns).

101zpm the Magician (Djinni Fire Elementalist)      Turns: 2593, Time: 00:04:02

Health: 0/31       AC:  2    Str:  7    XL:     4   Next: 65%
Gold:   97         EV: 12    Int: 18    God:
                   SH:  0    Dex: 14

rFire   + + .      SeeInvis .   (no weapon)
rCold   x . .      Faith    .   (no shield)
rNeg    . . .      Spirit   .   a - +0 robe
rPois   ∞          Reflect  .   (helmet currently unavailable)
rElec   .          Harm     .   (no cloak)
rCorr   .          Rampage  .   (no gloves)
Will    .....                   (boots unavailable)
Stlth   ++........              (no amulet)
HPRegen 0.10/turn               (no ring)
MPRegen 0.00/turn               (no ring)

@: appendages (expiring), flying
A: horns 2, flying, sickness immunity, fire resistance 2, cold vulnerability 1,
float, innate caster, HP casting, extra vitality 1
a: End Transformation


You were on level 2 of the Dungeon.
You had temporarily grown beastly horns.
You visited 1 branch of the dungeon, and saw 2 of its levels.

You collected 97 gold pieces.

Inventory:

Armour
 a - a +0 robe (worn)
Scrolls
 b - a scroll of identify {unknown}
 c - a scroll of acquirement {unknown}
 f - a scroll of butterflies {unknown}
Potions
 d - a potion of might {unknown}
 e - a potion of curing


   Skills:
 + Level 2.4 Dodging
 + Level 1.9 Stealth
 + Level 3.7 Spellcasting


You couldn't memorise any spells.
You knew the following spells:

 Your Spells              Type           Power      Damage    Failure   Level
a - Foxfire               Conj/Fire      64%        2x1d7     3%          1
b - Scorch                Fire           32%        2d7       4%          2
c - Conjure Flame         Conj/Fire      16%        6-21      10%         3
d - Inner Flame           Hex/Fire       16%        N/A       10%         3
e - Flame Wave            Conj/Fire      16%        2d7       32%         4
f - Beastly Appendage     Tmut           32%        N/A       3%          1
Your spell library was empty.

Dungeon Overview and Level Annotations

Branches:
Dungeon (2/15)

Altars:


Innate Abilities, Weirdness & Mutations

You have temporarily grown beastly horns.
You are flying.
You are immune to sickness and miasma.
You are immune to poison.
Your flesh is very heat resistant. (rF++)
You are vulnerable to cold. (rC-)
You float through the air rather than walking.
You learn spells naturally, not from books.
Your magical power is your life essence.
You have superior vitality. (+4 MHP)


Message History

Casting: Beastly Appendage (safe; 3% risk of failure)
Confirm with . or Enter, or press ? or * to list all spells.
The spell is quite dangerous to miscast (11% risk of failure)!
Continue anyway?
Aiming: Inner Flame (quite dangerous; 11% risk of failure)
Press: ? - help, Dir - move target, f - giant cockroach
Aim: a giant cockroach (chance to affect: 83%)
The giant cockroach is filled with an inner flame.
* * * LOW HITPOINT WARNING * * *
The giant cockroach barely misses you.
The giant cockroach bites you but does no damage.
Casting: Foxfire (safe; 3% risk of failure)
Press: ? - help, Q - select action, (/) - cycle Dir - look around, f - activate You conjure some foxfire!
* * * LOW HITPOINT WARNING * * *
The giant cockroach closely misses you.
The giant cockroach bites you but does no damage.
The foxfire hits the giant cockroach.
The giant cockroach explodes!
You feel a bit more experienced.
Jessica hits you with a +2 dagger of venom.
* * * LOW HITPOINT WARNING * * *
The foxfire hits Jessica but does no damage.
You see here a giant cockroach corpse.
Casting: Foxfire (safe; 3% risk of failure)
Confirm with . or Enter, or press ? or * to list all spells.
Flames lash Jessica.
Jessica is severely wounded.
Jessica's fire resistance burns away.
* * * LOW HITPOINT WARNING * * *
Jessica drinks a potion.
Jessica is healed!
Jessica barely misses you.
Casting: Scorch (safe; 5% risk of failure)
Confirm with . or Enter, or press ? or * to list all spells.
Flames lash Jessica.
Jessica is burned terribly!
You kill Jessica!
* * * LOW HITPOINT WARNING * * *
Casting: Scorch (safe; 4% risk of failure)
Confirm with . or Enter, or press ? or * to list all spells.
You don't have enough health to cast this spell.
You closely miss the giant cockroach. The giant cockroach bites you.
You die...

..†.#######.###...##.##
........#..............
#...........##...##...
##..##.#.#.....#..<...
###.......##...##.#.
#......#..###.###.#.
###..###..# #.......
#†§.......# #####...
....B††#@.#.##.# #.#.
....##.B..#.# # #.#.
... ###..... #.#. #
#.##.## #.## #.# .# #[#
#)# # ..# ... ## ...


You could see a giant cockroach.

Vanquished Creatures
  Jessica (D:2)
  2 worms (D:2)
  7 ball pythons
  2 bats (D:1)
  3 endoplasms (D:1)
  9 giant cockroaches
  5 goblins (D:1)
  3 hobgoblins (D:1)
  A quokka (D:1)
  A frilled lizard (D:1)
  5 kobolds
  4 rats (D:1)
43 creatures vanquished.

Vanquished Creatures (collateral kills)
  3 foxfires (D:1)
3 creatures vanquished.

Vanquished Creatures (others)
  152 foxfires
  45 plants (D:1)
197 creatures vanquished.

Grand Total: 243 creatures vanquished

Notes
Turn   | Place    | Note
-------+----------+-------------------------------------------
     0 | D:1      | 101zpm the Djinni Fire Elementalist began the quest for the
                  | Orb.
     0 | D:1      | 101zpm set off with the following spells memorised:
                  | Foxfire, Scorch, Conjure Flame, Inner Flame, Flame Wave.
     0 | D:1      | Reached XP level 1. HP: 15/15 MP: 0/0
   350 | D:1      | Reached XP level 2. HP: 17/21 MP: 0/0
   569 | D:1      | Found a faded altar of an unknown god.
  1201 | D:1      | Reached skill level 3 in Spellcasting
  1205 | D:1      | Reached XP level 3. HP: 14/25 MP: 0/0
  1205 | D:1      | Learned a level 1 spell: Beastly Appendage
  2566 | D:2      | Noticed Jessica
  2573 | D:2      | Reached XP level 4. HP: 16/31 MP: 0/0
  2592 | D:2      | Killed Jessica
  2593 | D:2      | Slain by a giant cockroach

Illustrated notes

Levels and vault maps discovered:
D:1:      roderic_crop_circles_arrival_small, layout_basic,
          shapermc_ecumenical_altar_ellora, minmay_bisected
D:2:      minmay_roachtagon, layout_loops_ring, serial_bayou_lagoon_a,
          uniq_jessica, uniq_robin

Skill      XL: |  1  2 |
---------------+-------+-----
Spellcasting   | 3 |  3.7
Dodging        | |  2.4
Stealth        | |  1.9

Action                   |  1- 3 |  4- 6 || total
-------------------------+-------+-------++-------
Melee: Unarmed           |     2 |    16 ||    18
       Headbutt          |     1 |     4 ||     5
 Cast: Foxfire           |    96 |     1 ||    97
       Scorch            |    16 |     2 ||    18
       Beastly Appendage |     1 |       ||     1
       Inner Flame       |       |     1 ||     1
Armor: Robe              |     2 |    11 ||    13
Dodge: Dodged            |     9 |    27 ||    36
